 Dungeon Crawl Stone Soup version 0.19.5 (webtiles) character file.

149 QuCean the Ruffian (level 5, -4/53 HPs)
             Began as a Troll Monk on May 3, 2017.
             Slain by a slave (6 damage)
             ... led by Pikel
             ... on level 4 of the Dungeon.
             The game lasted 00:04:53 (645 turns).

QuCean the Ruffian (Troll Monk)                      Turns: 645, Time: 00:04:54

Health: -4/53      AC:  5    Str: 25    XL:     5   Next: 9%
Magic:  4/4        EV: 11    Int:  6    God:
Gold:   62         SH:  0    Dex: 12    Spells: 0 memorised, 4 levels left

rFire  . . .     SeeInvis .       - Unarmed
rCold  . . .     Gourm    +     a - +0 robe
rNeg   . . .     Faith    .     (no shield)
rPois  .         Spirit   .     (helmet restricted)
rElec  .         Reflect  .     (no cloak)
rCorr  .         Harm     .     (gloves unavailable)
MR     .....                    (boots unavailable)
Stlth  ++........               (no amulet)
                                (no ring)
                                (no ring)

@: mighty
A: unfitting armour, claws 3, fast metabolism 3, gourmand, regeneration 1,
shaggy fur 1, tough skin 2
a: no special abilities


You were on level 4 of the Dungeon.
You were not hungry.

You visited 1 branch of the dungeon, and saw 4 of its levels.

You collected 62 gold pieces.

Inventory:

Armour
 a - a +0 robe (worn)
Scrolls
 d - 2 scrolls of magic mapping
 i - a scroll of enchant armour
 l - a scroll of amnesia {unknown}
 m - a scroll of fog {unknown}
Potions
 c - a potion of curing {unknown}
 h - a potion of brilliance {unknown}
Books
 f - a book of Changes

   Spells                             Type                      Level
   a - Beastly Appendage              Transmutation                1
   b - Sticks to Snakes               Transmutation                2
   c - Spider Form                    Transmutation/Poison         3
   d - Ice Form                       Ice/Transmutation            4
   e - Blade Hands                    Transmutation                5
Comestibles
 b - a bread ration
 g - a beef jerky
 j - a slice of pizza
 k - 4 chunks of flesh


   Skills:
 + Level 3.0 Fighting
 + Level 3.3 Dodging
 + Level 1.2 Stealth
 + Level 4.4 Unarmed Combat


You had 4 spell levels left.
You didn't know any spells.

Dungeon Overview and Level Annotations

Branches:
Dungeon (4/15)
 Temple: D:4-7

Altars:

Annotations:
D:4 Pikel


Innate Abilities, Weirdness & Mutations

You are too large for most types of armour.
You have claws for hands.
Your metabolism is lightning-fast.
You like to eat raw meat.
Your natural rate of healing is unusually fast.
You are covered in fur. (AC +1)
You have very tough skin. (AC +2)


Message History

The iguana hisses angrily.
You claw the hound!
The hound is almost dead.
The hound barely misses you. The slave hits you. x2
The hound closely misses you. The orc closely misses you.
The scorpion stings you!
* * * LOW HITPOINT WARNING * * *
The slave hits you.
* * * LOW HITPOINT WARNING * * *
It was a potion of might.
You feel very mighty all of a sudden. The slave closely misses you.
The hound bites you.
* * * LOW HITPOINT WARNING * * *
The slave hits you but does no damage. The orc closely misses you.
The scorpion barely misses you. The slave hits you.
* * * LOW HITPOINT WARNING * * *
It was a potion of cure mutation.
It has a very clean taste.
The hound closely misses you. The slave closely misses you.
The hound barely misses you. The slave hits you.
You die...

..# ... .. ##..#
... ##...# ....
##....##....
.?###...#.#.....
#.......a.......
..####opp#
.......)@##
....#..shp......
.. #...Kp#.#...
#.#.#.. ..
......... ...
......##..# ..
........ ..# #
....... ..#


You could see Pikel, 4 slaves, a scorpion, a hound, a worker ant and an orc.

Vanquished Creatures
  The ghost of smzp the Chiller, an amateur VSIE (D:3)
  3 adders (D:2)
  A dart slug (D:3)
  A leopard gecko (D:3)
  2 orcs (D:4)
  A ball python (D:1)
  2 giant cockroaches (D:3)
  A goblin (D:2)
  2 hobgoblins
  2 jackals (D:1)
  A kobold (D:3)
  A quokka (D:2)
  A bat (D:1)
  A frilled lizard (D:3)
20 creatures vanquished.

Notes
Turn   | Place    | Note
-------+----------+-------------------------------------------
     0 | D:1      | QuCean the Troll Monk began the quest for the Orb.
     0 | D:1      | Reached XP level 1. HP: 22/22 MP: 0/0
   120 | D:2      | Reached XP level 2. HP: 23/29 MP: 1/1
   180 | D:2      | Reached XP level 3. HP: 36/36 MP: 2/2
   219 | D:3      | Noticed smzp's ghost (amateur VSIE)
   266 | D:3      | Killed smzp's ghost
   266 | D:3      | Reached skill level 4 in Unarmed Combat
   266 | D:3      | Reached XP level 4. HP: 10/44 MP: 3/3
   458 | D:3      | Reached XP level 5. HP: 52/52 MP: 4/4
   631 | D:4      | Noticed a slave
   634 | D:4      | Noticed a slave
   638 | D:4      | Noticed a slave
   639 | D:4      | Noticed Pikel
   640 | D:4      | Noticed a slave
   644 | D:4      | HP: 1/53 [slave[Pikel] (3)]
   645 | D:4      | Slain by a slave

Skill      XL: |  1  2  3  4  5 |
---------------+----------------+-----
Dodging        | 3 |  3.3
Unarmed Combat | 4 |  4.4
Fighting       | 3 |  3.0
Stealth        | |  1.2

Action                   |  1- 3 |  4- 6 || total
-------------------------+-------+-------++-------
Melee: Unarmed           |    40 |    18 ||    58
       Punch             |     1 |     1 ||     2
  Use: Scroll            |     2 |       ||     2
       Potion            |       |     2 ||     2
 Stab: Sleeping          |       |     1 ||     1
  Eat: Chunk             |       |     2 ||     2
       Bread ration      |       |     1 ||     1
Armor: Robe              |    13 |     5 ||    18
Dodge: Dodged            |    22 |    29 ||    51
